 Dungeon Crawl Stone Soup version 0.28-a0-794-gafe8c5f9e9 (webtiles) character file.

Game seed: 8807516544596707450

3894 croobank the Cleaver (level 10, -11/86 HPs)
             Began as a Minotaur Berserker on Nov 6, 2021.
             Was an Elder of Trog.
             Killed from afar by a gargoyle (14 damage)
             ... with a stone arrow
             ... on level 7 of the Dungeon.
             The game lasted 00:50:54 (8118 turns).

croobank the Cleaver (Minotaur Berserker)           Turns: 8118, Time: 00:50:54

Health: -11/86     AC: 12    Str: 25    XL:     10   Next: 0%
Magic:  9/9        EV:  9    Int:  4    God:    Trog [****..]
Gold:   445        SH:  0    Dex: 10    Spells: 9/9 levels left

rFire   . . .      SeeInvis .   r - +0 war axe (vamp)
rCold   . . .      Faith    .   (no shield)
rNeg    . . .      Spirit   .   A - +0 chain mail
rPois   +          Reflect  .   (helmet restricted)
rElec   .          Harm     .   (no cloak)
rCorr   .          Rampage  .   n - +0 pair of gloves
Will    .....                   (no boots)
Stlth   ..........              (no amulet)
HPRegen 0.24/turn               i - ring of poison resistance
MPRegen 0.11/turn               b - +4 ring of slaying

@: on berserk cooldown, slowed, very slow
A: horns 2, retaliatory headbutt
a: Renounce Religion, Berserk, Trog's Hand, Brothers in Arms


You were on level 7 of the Dungeon.
You worshipped Trog.
Trog was greatly pleased with you.
You visited 2 branches of the dungeon, and saw 9 of its levels.

You collected 445 gold pieces.

Inventory:

Hand Weapons
 a - a +2 hand axe
 d - a +0 long sword
 f - a +0 shortbow
 l - a +1 short sword of protection
 o - a +0 short sword of speed
 p - a +1 vampiric short sword
 q - a +0 war axe
 r - a +0 vampiric war axe (weapon)
 t - a +2 halberd of distortion
 y - a +2 dagger of draining
 D - a +0 lajatang
Missiles
 e - 232 stones
 s - 17 poisoned darts (quivered)
 u - 70 arrows
 w - 5 boomerangs
Armour
 n - a +0 pair of gloves (worn)
 A - a +0 chain mail (worn)
Magical Staves
 C - a staff of death
Jewellery
 b - a +4 ring of slaying (right hand)
 i - a ring of poison resistance (left hand)
Wands
 g - a wand of iceblast (11)
Scrolls
 x - a scroll of magic mapping
 B - a scroll of enchant weapon
Potions
 c - a potion of resistance
 h - a potion of lignification
 m - a potion of mutation
 v - a potion of berserk rage
 z - a potion of magic


   Skills:
 + Level 7.4 Fighting
 + Level 11.2 Axes
 + Level 6.9 Throwing
 + Level 7.5 Armour
 + Level 3.9 Dodging
 + Level 1.6 Stealth


You had 9 spell levels left.
You didn't know any spells.
Your spell library contained the following spells:

 Spells                   Type           Power      Damage    Failure   Level
 Call Canine Familiar     Summ           0%         N/A       100%        3
 Portal Projectile        Hex/Tloc       0%         N/A       100%        3
 Leda's Liquefaction      Hex/Erth       0%         N/A       100%        4


Dungeon Overview and Level Annotations

Branches:
Dungeon (8/15)             Temple (1/1) D:5
   Lair: D:8-11

Altars:
Ashenzari
Cheibriados
Elyvilon
Fedhas
Hepliaklqana
Kikubaaqudgha
Makhleb
Nemelex Xobeh
Okawaru
Qazlal
Ru
Sif Muna
Uskayaw
Vehumet
Xom
Yredelemnul
Zin
The Shining One

Shops:
D:2 (


Innate Abilities, Weirdness & Mutations

You have a pair of horns on your head.
You reflexively headbutt those who attack you in melee.


Message History

Trog accepts your kill.
Your Axes skill increases to level 11!
You have reached level 10!
Things that are here:
3 large rocks; a cyclops corpse You feel a strong urge to attack something.
You feel your anger nearly subside.
You are no longer berserk.
You are exhausted.
You feel yourself slow down.
s - 18 poisoned darts (gained 3)
The gargoyle hurls a stone arrow at you.
The stone arrow hits you!!
Throw: 18 darts (poison)
Press: ? - help, Q - select action, (/) - cycle Shift-Dir - straight line, f - gargoyle
Aim: a gargoyle, wielding a +0 morningstar (79% to hit)
You throw a poisoned dart. The poisoned dart hits the gargoyle!
The gargoyle hurls a stone arrow at you.
The stone arrow hits you!
The gargoyle hits you with a +0 morningstar!
You hit the gargoyle. You headbutt the gargoyle.
The gargoyle is moderately damaged.
The gargoyle hits you with a +0 morningstar!
* * * LOW HITPOINT WARNING * * *
The gargoyle hits you but does no damage.
You slash the gargoyle!
The gargoyle is severely damaged.
The gargoyle hurls a stone arrow at you.
The stone arrow hits you!
* * * LOW HITPOINT WARNING * * *
You hit the gargoyle.
The gargoyle is severely damaged.
The gargoyle barely misses you.
You barely miss the gargoyle.
The gargoyle is severely damaged.
The gargoyle hits you but does no damage.
The gargoyle hits you with a +0 morningstar.
* * * LOW HITPOINT WARNING * * *
The gargoyle hurls a stone arrow at you.
The stone arrow hits you!
You die...

#... ##.#..##.##..#.# #
##... #..##.#.#.#.##.###
.....##......#.#...†....
#####.....##.#.#.#.##.###
..........#..##.##..#.# #
..........#.#.....#.#.# #
.......9..#...#.#...#.. .
..........#####.####### #
........@.# #.# .
........(.# .## #
#.......(.# . .
#.........# . ##.........
#......#.#. ##.......#..
##...# .# #


You could see a gargoyle.

Vanquished Creatures
  A cyclops (D:7)
  An ugly thing (D:7)
  A kobold demonologist (D:7)
  A komodo dragon (D:7)
  A yak (D:7)
  A vampire mosquito (D:7)
  A water moccasin (D:6)
  3 sky beasts
  2 black bears (D:7)
  2 hornet zombies (D:7)
  A necrophage (D:2)
  An ogre (D:7)
  A centaur (D:7)
  4 scorpions
  2 wyvern skeletons (D:7)
  A water moccasin skeleton (D:5)
  2 centaur zombies
  4 jellies
  2 hounds
  2 orc priests (D:5)
  A centaur skeleton (D:5)
  A gnoll shaman (D:7)
  5 iguanas
  9 orc wizards
  A killer bee zombie (D:7)
  2 hound skeletons (D:4)
  A howler monkey zombie (D:6)
  2 gnolls (D:7)
  2 howler monkey skeletons (D:7)
  9 adders
  2 ufetubi (D:7)
  A dart slug (D:3)
  14 orcs
  6 ball pythons
  7 bats
  4 endoplasms
  6 giant cockroaches
  3 goblins
  9 hobgoblins
  7 jackals
  A quokka (D:1)
  2 frilled lizards
  4 kobolds
  8 rats
141 creatures vanquished.

Notes
Turn   | Place    | Note
-------+----------+-------------------------------------------
     0 | D:1      | croobank the Minotaur Berserker began the quest for the
                  | Orb.
     0 | D:1      | Reached XP level 1. HP: 19/19 MP: 0/0
    99 | D:1      | Reached skill level 4 in Axes
    99 | D:1      | Reached XP level 2. HP: 14/27 MP: 1/1
   848 | D:2      | Reached XP level 3. HP: 21/33 MP: 2/2
  1012 | D:2      | Found a glowing silver altar of Zin.
  1132 | D:2      | Reached ** piety under Trog
  1158 | D:2      | Noticed a necrophage
  1180 | D:2      | Killed a necrophage
  1181 | D:2      | Reached skill level 5 in Fighting
  1181 | D:2      | Reached skill level 5 in Axes
  1181 | D:2      | Reached XP level 4. HP: 16/42 MP: 3/3
  1181 | D:2      | Reached XP level 5. HP: 19/48 MP: 4/4
  1768 | D:2      | Found a faded altar of an unknown god.
  1772 | D:2      | Found Luresiusk's Antique Weapon Shoppe.
  2914 | D:3      | Reached skill level 6 in Axes
  3070 | D:3      | Found an iron altar of Okawaru.
  3073 | D:3      | Found an ancient bone altar of Kikubaaqudgha.
  3076 | D:3      | Found a hide-covered altar of Uskayaw.
  3079 | D:3      | Found a radiant altar of Vehumet.
  3501 | D:4      | Reached XP level 6. HP: 56/56 MP: 5/5
  3818 | D:4      | Reached *** piety under Trog
  3972 | D:4      | Reached skill level 1 in Throwing
  4118 | D:5      | Entered Level 5 of the Dungeon
  4210 | D:5      | Noticed a sky beast
  4224 | D:5      | Killed a sky beast
  4225 | D:5      | Reached XP level 7. HP: 32/62 MP: 6/6
  4408 | D:5      | Reached skill level 7 in Axes
  5214 | D:5      | Found a staircase to the Ecumenical Temple.
  5290 | Temple   | Entered the Ecumenical Temple
  5478 | D:6      | Reached skill level 8 in Axes
  5584 | D:6      | Reached XP level 8. HP: 67/70 MP: 7/7
  5762 | D:6      | Reached skill level 5 in Armour
  6413 | D:7      | Reached skill level 9 in Axes
  6901 | D:7      | Reached **** piety under Trog
  6943 | D:7      | Reached skill level 1 in Stealth
  6963 | D:7      | Noticed a komodo dragon
  6975 | D:7      | Reached XP level 9. HP: 78/78 MP: 8/8
  6979 | D:7      | Killed a komodo dragon
  6980 | D:7      | Reached skill level 5 in Throwing
  7014 | D:7      | Reached skill level 10 in Axes
  7016 | D:7      | Noticed a kobold demonologist
  7098 | D:7      | Noticed a green ugly thing
  7524 | D:7      | Noticed a sun demon
  7529 | D:7      | Killed a kobold demonologist
  7553 | D:7      | Killed a green ugly thing
  7837 | D:7      | Noticed a cyclops
  7843 | D:7      | Noticed a gargoyle
  8094 | D:7      | Killed a cyclops
  8095 | D:7      | Reached skill level 11 in Axes
  8095 | D:7      | Reached XP level 10. HP: 86/86 MP: 9/9
  8115 | D:7      | HP: 3/86 [gargoyle/stone arrow (17)]
  8118 | D:7      | Killed from afar by a gargoyle

Illustrated notes

Levels and vault maps discovered:
D:1:      dpeg_arrival_refuge, layout_loops_ring
D:2:      layout_rooms, serial_shops, nicolae_square_shop, basic_altar,
          dreamdust_ecumenical_altar_angels_and_demons, grunt_decor_arrowhead,
          kennysheep_doodads
D:3:      layout_basic, grunt_temple_overflow_cloverleaf
D:4:      layout_basic, serial_curves, eino_curves_04, eino_curves_03
D:5:      layout_basic, lemuel_temple_firewalk_a, skrybe_limestone_x,
          minmay_misc_feat_chi
D:6:      layout_basic
D:7:      minmay_clustersquares, layout_cave_pods,
          minmay_misc_feat_secret_circle, minmay_the_grid_2x2
          [minmay_the_grid_minigrid_small, minmay_the_grid_minigrid_large,
          minmay_the_grid_odd_star, minmay_the_grid_prize_big_room]
D:8:      layout_gridville, mainiacjoe_overflow_tiny_flanked,
          mainiacjoe_overflow_alcove_4, enter_ossuary_1, uniq_gastronok,
          uniq_pikel
Temple:   zaba_magenta_temple

Skill      XL: |  1  2  3  4  5  6  7  8  9 |
---------------+----------------------------+-----
Axes           | 4 5 6 8 9 11 | 11.2
Fighting       | 4 5 6 7 |  7.4
Armour         | 3 4 6 7 |  7.5
Dodging        | 3 |  3.9
Throwing       | 1 2 4 6 |  6.9
Stealth        | 1 |  1.6

Action                   |  1- 3 |  4- 6 |  7- 9 | 10-12 || total
-------------------------+-------+-------+-------+-------++-------
Melee: Hand axe          |    62 |    26 |       |       ||    88
       Headbutt          |     8 |    15 |    37 |     1 ||    61
       War axe           |       |    58 |   173 |     4 ||   235
       Short sword       |       |    12 |       |       ||    12
Throw: Stone             |     7 |     1 |       |       ||     8
       Dart              |       |    16 |    36 |     1 ||    53
       Boomerang         |       |    12 |    71 |       ||    83
Invok: Berserk           |       |       |     4 |       ||     4
Evoke: Wand              |       |       |     1 |       ||     1
  Use: Scroll            |     4 |       |    12 |       ||    16
       Potion            |     1 |       |     5 |       ||     6
 Stab: Distracted        |       |       |     1 |       ||     1
Armor: Animal skin       |    14 |     4 |       |       ||    18
       Ring mail         |       |    22 |    20 |       ||    42
       Chain mail        |       |       |    65 |     2 ||    67
Dodge: Dodged            |    46 |    61 |    59 |     1 ||   167

Table legend: (Time is in decaauts)
 A = Elapsed time spent in this place.
 B = Non-inter-level travel time spent in this place.
 C = Inter-level travel time spent in this place.
 D = Time resting spent in this place.
 E = Time spent auto-exploring this place.
 F = Levels seen in this place.
 G = Mean time per level.
                   A        B        C        D        E       F      G
               +--------+--------+--------+--------+--------+-----+--------+
         Total |   8152 |   7997 |    155 |   2184 |   4274 |   9 |  905.8 |
       Dungeon |   8079 |   7943 |    136 |   2184 |   4224 |   8 | 1009.9 |
        Temple |     73 |     54 |     19 |      0 |     50 |   1 |   73.0 |
               +--------+--------+--------+--------+--------+-----+--------+

Top non-repeatable levels by time:
     D:7: 1520 daAuts
     D:2: 1256 daAuts
     D:5: 1231 daAuts
     D:3: 1194 daAuts
     D:6: 969 daAuts
     D:1: 842 daAuts
     D:4: 841 daAuts
     D:8: 222 daAuts
  Temple: 73 daAuts
